[Event "*** Titled Tuesday Blitz"]
[Site "Chess.com"]
[Date "2019.01.01"]
[Round "2"]
[White "Maili15"]
[Black "Chessialist"]
[Result "0-1"]
[WhiteElo "2299"]
[BlackElo "2518"]
[TimeControl "180+2"]
[EndTime "13:20:46 PST"]
[Termination "Chessialist won by resignation"]

1. d4 Nf6 2. c4 e6 3. Nc3 d5 4. cxd5 exd5 5. Bg5 c6 6. Qc2 Be7 7. e3 Bg4 8. Bd3 Bh5 9. Nge2 Bg6 10. O-O O-O 11.
Rab1 a5 12. a3 Bxd3 13. Qxd3 Nbd7 14. b4 axb4 15. axb4 b5 16. Rfc1 Nb6 17. f3 Nc4 18. e4 dxe4 19. fxe4 Ra3 20. Qc2 Qb6 21. Kh1 h6 22. Bf4 Rd8 23. Rd1 Ng4 24. Re1 Nf2+ 25.
Kg1 Rxd4 26. Nxd4 Qxd4 27. Qxf2 Qxf2+ 28. Kxf2 Rxc3 29. Re2 g5 30. Be5 Nxe5 0-1

[Event "*** Titled Tuesday Blitz"]
[Site "Chess.com"]
[Date "2019.01.01"]
[Round "2"]
[White "HonzaVykouk"]
[Black "GeorgMeier"]
[Result "1-0"]
[WhiteElo "2637"]
[BlackElo "2811"]
[TimeControl "180+2"]
[EndTime "13:20:47 PST"]
[Termination "HonzaVykouk won by resignation"]

1. e4 e6 2. d4 d5 3. Nc3 dxe4 4. Nxe4 Nd7 5. Nf3 Ngf6 6. Ng3 c5 7. Bd3 cxd4 8. Nxd4 Nc5 9. O-O Nxd3 10. Qxd3 Be7 11. b3 O-O 12. Bb2 Bd7 13. c4 Qa5 14. Rfe1 Rfd8 15.
Qf3 Bb4 16. Red1 Qc7 17. Qe2 Be8 18. Rd3 Rac8 19. Rad1 a6 20. a3 Be7 21. h4 b5 22.
cxb5 axb5 23. Nxb5 Qb6 24. a4 Bxb5 25. Rxd8+ Bxd8 26.
axb5 Rb8 27. Ne4 Nd5 28. h5 Be7 29. Qg4 f6 30. Bd4 Qxb5 31. Qxe6+ Kf8 32. h6 Qxb3 33.
hxg7+ Kxg7 34. Re1 Rb7 35. Ng3 Bb4 36. Nh5+ Kg6 37. Nxf6 Ne7 38. Qxb3 1-0

[Event "*** Titled Tuesday Blitz"]
[Site "Chess.com"]
[Date "2019.01.01"]
[Round "2"]
[White "Muracle"]
[Black "Caminator2000"]
[Result "1-0"]
[WhiteElo "2512"]
[BlackElo "2375"]
[TimeControl "180+2"]
[EndTime "13:20:47 PST"]
[Termination "Muracle won by resignation"]

1. Nf3 d5 2. g3 Nf6 3. Bg2 c6 4. O-O Bf5 5. d4 e6 6. c4 Nbd7 7. Nc3 h6 8. Qb3 Qb6 9. c5 Qxb3 10.
axb3 a6 11. b4 Rc8 12. Nd2 e5 13. dxe5 Nxe5 14. Nb3 Nc4 15. Re1 Be7 16. e4 dxe4 17.
Nxe4 O-O 18. Nc3 Be6 19. Bf1 b5 20. Nd4 Rfd8 21. Nxe6 fxe6 22. Bh3 Kf8 23. Bxe6 Ra8 24. Kg2 a5 25. bxa5 Rxa5 26. Rxa5 Nxa5 27. b4 Nc4 28. Bf4 Rd4 29. Ra1 Nb2 30. Ra8+ Rd8 31. Ra6 Nd3 32. Rxc6 Nxb4 33. Rb6 Bxc5 34. Rxb5 Nd3 35.
Bc7 Re8 36. Bf5 Re7 37. Bd8 Ne1+ 38. Kf1 Re5 39. Bb6 Bd6 40. f4 Rxb5 41. Nxb5 Bb4 42. Kf2 Nd5 43. Bd4 g5 44. fxg5 hxg5 45. Be4 Ne7 46. Bc3 1-0

[Event "*** Titled Tuesday Blitz"]
[Site "Chess.com"]
[Date "2019.01.01"]
[Round "2"]
[White "Iyael"]
[Black "Abdodi"]
[Result "0-1"]
[WhiteElo "2157"]
[BlackElo "2194"]
[TimeControl "180+2"]
[EndTime "13:20:49 PST"]
[Termination "Abdodi won by checkmate"]

1. e4 c6 2. d4 d5 3. exd5 cxd5 4. Bd3 Nc6 5. c3 Qc7 6. Nf3 Bg4 7. O-O Nf6 8. Nbd2 e6 9. Re1 Bd6 10. Qb3 O-O 11.
a4 Na5 12. Qc2 Nc4 13. Bxc4 dxc4 14. Ne5 Bf5 15. Qd1 Bd3 16. h3 Bxe5 17. Rxe5 Nd7 18. Re3 e5 19. dxe5 Nxe5 20. Nf1 Bg6 21. Ng3 Rad8 22.
Qe2 Bd3 23. Qh5 Ng6 24. Bd2 Rfe8 25. Rxe8+ Rxe8 26. Be3 a6 27. Qf3 Ne5 28. Qf4 Qc6 29. a5 Ng6 30. Qg4 Qb5 31. Re1 Qxb2 32. Qd7 Qb5 33.
Qd4 Qe5 34. Qb6 Qb5 35. Qd4 Qxa5 36. h4 Qe5 37. Qb6 Nxh4 38. Bd2 Qb8 39. Rxe8+ Qxe8 40. Qxb7 h6 41. Qxa6 Qe5 42. Qc8+ Kh7 43. Qb7 Qe6 44. Qc7 Qd5 45. Qf4 Qxg2# 0-1

[Event "*** Titled Tuesday Blitz"]
[Site "Chess.com"]
[Date "2019.01.01"]
[Round "2"]
[White "Qingdom"]
[Black "guillembaches"]
[Result "0-1"]
[WhiteElo "2192"]
[BlackElo "2334"]
[TimeControl "180+2"]
[EndTime "13:20:56 PST"]
[Termination "guillembaches won by checkmate"]

1. d4 Nf6 2. Bg5 e6 3. e4 h6 4.
Bxf6 Qxf6 5. c3 d6 6. Bd3 c6 7. Ne2 e5 8. O-O Qd8 9. Nd2 Nd7 10. f4 Be7 11. fxe5 dxe5 12. Nc4 O-O 13. dxe5 b5 14. Nd6 Nxe5 15. Nxc8 Rxc8 16. Bc2 Qb6+ 17. Kh1 Ng4 18. Nd4 Ne3 19. Qe2 Nxf1 20. Rxf1 Rce8 21. Qg4 c5 22. Nf5 Qg6 23. Qf3 Qg5 24. h4 Qf6 25. Qg4 Kh8 26. Rf3 g6 27. Nxh6 Qxh4+ 28. Qxh4 Bxh4 29. Nxf7+ Kg7 30. Nd6 Rd8 31. Nxb5 Rd2 32. Bb3 Rxb2 33. Rxf8 Kxf8 34. Kh2 a5 35. Nc7 Bf6 36.
Ne6+ Ke7 37. Nxc5 Bxc3 38. Kg3 Kd6 39. Nd3 Be5+ 40. Kf3 Rd2 41. Nxe5 Kxe5 42. Bd5 a4 43. g3 a3 44. Kg4 Rd3 45. Kh4 Kf6 46. g4 g5+ 47. Kh5 Rh3# 0-1

[Event "*** Titled Tuesday Blitz"]
[Site "Chess.com"]
[Date "2019.01.01"]
[Round "2"]
[White "Fins0905"]
[Black "ahmadzada13"]
[Result "1-0"]
[WhiteElo "2580"]
[BlackElo "2829"]
[TimeControl "180+2"]
[EndTime "13:20:57 PST"]
[Termination "Fins0905 won by checkmate"]

1. Nf3 Nf6 2. c4 c5 3. Nc3 b6 4.
g3 Bb7 5. Bg2 e6 6. O-O Be7 7.
d4 cxd4 8. Qxd4 O-O 9. Rd1 Nc6 10. Qf4 Qb8 11. Qxb8 Raxb8 12. Bf4 Rbc8 13. Bd6 Bxd6 14. Rxd6 Ne7 15. b3 Nf5 16. Rd3 d5 17. cxd5 Ba6 18.
Rad1 Bxd3 19. Rxd3 Nxd5 20. Nxd5 Rc1+ 21. Bf1 exd5 22.
Rxd5 Ne7 23. Rd7 Nc6 24. Kg2 Rc2 25. Rc7 Nd4 26. Rxa7 Nxe2 27. Ne5 g6 28. Nd7 Rd8 29. Nxb6 Nc3 30. Bc4 Rf8 31. Nd7 Rd8 32. Ne5 Rdd2 33. Rxf7 Kh8 34. Ng4 Nd1 35. Rf8+ Kg7 36. Rg8# 1-0

[Event "*** Titled Tuesday Blitz"]
[Site "Chess.com"]
[Date "2019.01.01"]
[Round "2"]
[White "ajkom197"]
[Black "nOcHeaTiNgKiD"]
[Result "0-1"]
[WhiteElo "2422"]
[BlackElo "2427"]
[TimeControl "180+2"]
[EndTime "13:20:57 PST"]
[Termination "nOcHeaTiNgKiD won on time"]

1. c4 g6 2. g3 Bg7 3. Bg2 d6 4. Nc3 Nd7 5. e4 e5 6. Nge2 Ngf6 7. O-O O-O 8. d3 a6 9. Rb1 c6 10. b4 b5 11. h3 Nb6 12. cxb5 axb5 13. Kh2 d5 14. f4 exf4 15. Nxf4 d4 16. Nce2 Rxa2 17.
Qb3 Ra4 18. e5 Nfd5 19. Nxd5 Nxd5 20. Bxd5 cxd5 21. Nxd4 Bxe5 22. Nc6 Qd7 23. Nxe5 Qxh3+ 24. Kg1 Qxg3+ 25. Kh1 Bh3 26. Rg1 Qxe5 27. Bb2 Qh5 28. Rg3 Be6+ 29. Kg1 d4 30. Qc2 Rxb4 31. Qf2 Bd5 0-1

[Event "*** Titled Tuesday Blitz"]
[Site "Chess.com"]
[Date "2019.01.01"]
[Round "2"]
[White "twitchTriniCupid"]
[Black "rikyshi"]
[Result "0-1"]
[WhiteElo "2264"]
[BlackElo "2190"]
[TimeControl "180+2"]
[EndTime "13:21:01 PST"]
[Termination "rikyshi won by resignation"]

1. d4 d5 2. c4 c6 3. cxd5 cxd5 4.
Nc3 Nc6 5. Bf4 a6 6. e3 Bf5 7.
Qb3 e6 8. Qxb7 Nb4 9. Bc7 Qc8 10.
Qb6 Be7 11. Rc1 Nf6 12. a3 Nd7 13. Qa5 Nc6 14. Qa4 Qxc7 15. Nxd5 exd5 16. Rxc6 Qd8 17. g4 Bxg4 18. Bg2 Be6 19. Ne2 O-O 20. Nf4 Bh4 21.
O-O Re8 22. Rfc1 Qf6 23. Qc2 Rad8 24. Nxd5 Qh6 25. Nf4 Qg5 26. d5 Bf5 27. Qe2 Ne5 28. Kh1 Nxc6 29. dxc6 Qxf4 30. exf4 Rxe2 31. c7 Rde8 0-1

[Event "*** Titled Tuesday Blitz"]
[Site "Chess.com"]
[Date "2019.01.01"]
[Round "2"]
[White "nitpicker"]
[Black "aRk_iN"]
[Result "1-0"]
[WhiteElo "2204"]
[BlackElo "2126"]
[TimeControl "180+2"]
[EndTime "13:21:03 PST"]
[Termination "nitpicker won by resignation"]

1. d4 d5 2. c4 c6 3. Nf3 Nf6 4. Nc3 dxc4 5. a4 Bf5 6. e3 e6 7. Bxc4 Bb4 8. O-O Nbd7 9. h3 h6 10. Qb3 Bd6 11. Bd2 O-O 12. a5 b5 13. axb6 axb6 14.
Rfd1 Qc7 15. Be1 Rfb8 16. Nd2 Bg6 17. Rac1 Qb7 18. Be2 Nd5 19. e4 Nf4 20. Bf1 e5 21. Nc4 Bc7 22. dxe5 Nxe5 23. Nd6 Bxd6 24. Rxd6 Rd8 25.
Rdd1 Nfd3 26. Ra1 Nxe1 27. Rxe1 Rxa1 28. Rxa1 Nd3 29. Rd1 Qc7 30. Rxd3 1-0

[Event "*** Titled Tuesday Blitz"]
[Site "Chess.com"]
[Date "2019.01.01"]
[Round "2"]
[White "SolidJ"]
[Black "BillForster"]
[Result "1-0"]
[WhiteElo "1674"]
[BlackElo "1718"]
[TimeControl "180+2"]
[EndTime "13:21:03 PST"]
[Termination "SolidJ won by resignation"]

1. e4 c5 2. Nf3 a6 3. d4 cxd4 4. Nxd4 e5 5. Nf3 Nf6 6. Nc3 Nc6 7. Bc4 Bb4 8. Bg5 d6 9. O-O Bxc3 10. bxc3 Be6 11. Bd5 Bxd5 12. exd5 Ne7 13. Bxf6 gxf6 14. Rb1 Qd7 15. Rb6 Rg8 16. Qb1 Rb8 17. Nd2 Qh3 18. g3 Rg6 19. Rxb7 Rd8 20. Nf3 Rh6 21. Re1 Qh5 22.
Qd1 Nf5 23. Qd3 Ng7 24. Nh4 f5 25. Qxa6 Rg6 26. Qc6+ Kf8 27. Nxg6+ hxg6 28. Qc7 1-0

[Event "*** Titled Tuesday Blitz"]
[Site "Chess.com"]
[Date "2019.01.01"]
[Round "2"]
[White "fmshawnrl123"]
[Black "PrinceMurad09"]
[Result "1-0"]
[WhiteElo "2494"]
[BlackElo "2483"]
[TimeControl "180+2"]
[EndTime "13:21:05 PST"]
[Termination "fmshawnrl123 won by resignation"]

1. e4 c5 2. Nf3 d6 3. d4 cxd4 4. Qxd4 e5 5. Qd3 h6 6. c4 Nf6 7. Nc3 Be7 8. h3 O-O 9. Be2 Nc6 10. Be3 Be6 11. O-O Rc8 12. b3 Ne8 13. Nd5 f5 14. exf5 Bxf5 15. Qd2 Nf6 16. Nxf6+ Rxf6 17. Rad1 Qe8 18.
Nh2 Rf8 19. Ng4 h5 20. Nh2 Qg6 21. Kh1 a6 22. Bf3 e4 23. Be2 Ne5 24. Bf4 Nf7 25. Qe3 Rfd8 26. Rd5 Bf6 27. Bxh5 Qxh5 28. g4 Qh7 29.
Rxf5 d5 30. cxd5 Rc3 31. Qxe4 Rxh3 32. Re1 Ng5 33. Rxg5 Qxe4+ 34. Rxe4 Bxg5 35. Bxg5 Rxd5 36. Be3 Kf7 37. Kg2 Rh8 38. Nf3 Rd1 39. Rc4 Rhd8 40.
Rc7+ R8d7 41. Rxd7+ Rxd7 42. Ne5+ Ke6 43. Nxd7 Kxd7 44.
Kf3 1-0

[Event "*** Titled Tuesday Blitz"]
[Site "Chess.com"]
[Date "2019.01.01"]
[Round "2"]
[White "Rakhmanov_Aleksandr"]
[Black "mazetofonias"]
[Result "1-0"]
[WhiteElo "2796"]
[BlackElo "2553"]
[TimeControl "180+2"]
[EndTime "13:21:07 PST"]
[Termination "Rakhmanov_Aleksandr won by resignation"]

1. c4 e5 2. Nf3 e4 3. Nd4 Nf6 4. Nc3 c6 5. g3 d5 6. cxd5 cxd5 7. d3 Bc5 8. Nb3 Bb4 9. Bg2 Nc6 10. O-O Qe7 11. Bg5 Bxc3 12. bxc3 Bf5 13. Be3 b6 14. Nd4 Nxd4 15. Qa4+ Bd7 16. Qxd4 O-O 17. c4 exd3 18. exd3 Rad8 19. c5 Bf5 20. cxb6 axb6 21. Rfb1 Qa3 22. Rb3 Qa8 23. Rxb6 Rfe8 24. Rxf6 gxf6 25. Qxf6 Rxe3 26.
Qg5+ Bg6 27. fxe3 Re8 28. h4 Qb8 29. d4 Qb2 30. Rf1 Qxa2 31. h5 Qb3 32. hxg6 hxg6 33. Bxd5 Qxe3+ 34. Qxe3 Rxe3 35. Bxf7+ Kg7 36. Kg2 Re2+ 37.
Kh3 Rd2 38. d5 Kh6 39. Be6 Kg5 40. Rf4 Rd3 41. Rg4+ Kh5 42. Kg2 Rd2+ 43. Kf3 Rd3+ 44. Ke4 Rd2 45. Ke5 Re2+ 46. Re4 Rd2 47. d6 Kg5 48. d7 1-0

[Event "*** Titled Tuesday Blitz"]
[Site "Chess.com"]
[Date "2019.01.01"]
[Round "2"]
[White "vovachesss"]
[Black "VeraNebolsina"]
[Result "1/2-1/2"]
[WhiteElo "2499"]
[BlackElo "2350"]
[TimeControl "180+2"]
[EndTime "13:21:07 PST"]
[Termination "Game drawn by repetition"]

1. e4 c5 2. d4 cxd4 3. c3 Nf6 4. e5 Nd5 5. Nf3 Nc6 6. Bc4 Nb6 7. Bb3 d5 8. exd6 Qxd6 9. O-O Be6 10. Bxe6 Qxe6 11.
Re1 Qg4 12. h3 Qh5 13. cxd4 e6 14. Nc3 Be7 15. Bf4 O-O 16. Qb3 Rad8 17. Rad1 Bf6 18. Bc7 Nxd4 19. Nxd4 Rxd4 20. Bxb6 axb6 21. Qxb6 Rxd1 22.
Nxd1 Qd5 23. Ne3 Qxa2 24. Qxb7 Qxb2 25. Qe4 g6 26. Rb1 Qd4 27. Qf3 Bg7 28. Rb7 Qf6 29. Qc6 h5 30. g3 Rd8 31. Kg2 Rd2 32. Qf3 Qxf3+ 33. Kxf3 Bd4 34. Rc7 Kg7 35. Rb7 Bxe3 36. Kxe3 Ra2 37. Rb3 Kf6 38. Kf3 Kf5 39. g4+ hxg4+ 40. hxg4+ Kg5 41. Kg3 e5 42. Rb5 Kf6 43.
f3 Ra3 44. Kf2 Ra2+ 45. Ke3 Ra3+ 46. Ke4 Ra4+ 47. Ke3 Ra3+ 48. Ke4 Ra4+ 49. Ke3 Ra3+ 1/2-1/2

[Event "*** Titled Tuesday Blitz"]
[Site "Chess.com"]
[Date "2019.01.01"]
[Round "2"]
[White "viktorko131"]
[Black "NCchamp"]
[Result "0-1"]
[WhiteElo "2066"]
[BlackElo "2192"]
[TimeControl "180+2"]
[EndTime "13:21:09 PST"]
[Termination "NCchamp won by resignation"]

1. e4 c5 2. Nf3 e6 3. d4 cxd4 4. Nxd4 Nf6 5. Nc3 Nc6 6. Ndb5 Bc5 7. Bf4 O-O 8. Bd6 Qb6 9. Bxc5 Qxc5 10. Qd6 Qb6 11. O-O-O Qa5 12. Nc7 Rb8 13. Kb1 a6 14. f4 b5 15. e5 Ng4 16. Ne4 Rb7 17. h3 Nh6 18. Nxe6 dxe6 19. Nc5 Rd8 20. Nxb7 Rxd6 21. exd6 Bxb7 22. d7 Nf5 23. Be2 Nfd4 24. Bf3 Qc7 25.
Bxc6 Nxc6 26. Rd2 Qd8 27. Rhd1 Ne7 28. Rd6 Nd5 29. f5 Kf8 30. fxe6 fxe6 31. Rxe6 Qxd7 32. Rf1+ Kg8 33. Re5 Nf6 34. Rfe1 h6 35. a3 Bxg2 36. Re7 Qxh3 0-1

[Event "*** Titled Tuesday Blitz"]
[Site "Chess.com"]
[Date "2019.01.01"]
[Round "2"]
[White "Zufi1811"]
[Black "pastouche06"]
[Result "0-1"]
[WhiteElo "2418"]
[BlackElo "2435"]
[TimeControl "180+2"]
[EndTime "13:21:13 PST"]
[Termination "pastouche06 won on time"]

1. e4 c6 2. d4 d5 3. Nc3 dxe4 4.
Nxe4 Nf6 5. Nxf6+ exf6 6. c3 Bd6 7. Bd3 O-O 8. Qc2 Re8+ 9. Ne2 h5 10. Be3 Nd7 11.
O-O-O Nf8 12. Kb1 Be6 13. Ng3 g6 14. Ne4 b5 15. h3 a5 16. g4 h4 17. g5 Be7 18.
gxf6 Bxf6 19. Rdg1 a4 20. Nxf6+ Qxf6 21. Bg5 Qf3 22. Bxh4 Qd5 23. a3 c5 24. Bf6 cxd4 25. Bxd4 b4 26. Bxg6 Nxg6 27. Rxg6+ Kf8 28. Rhg1 Bf5 29.
Bg7+ Ke7 30. Bf6+ Kd7 31. R6g5 Bxc2+ 32. Kxc2 Qb3+ 33. Kb1 bxa3 0-1

[Event "*** Titled Tuesday Blitz"]
[Site "Chess.com"]
[Date "2019.01.01"]
[Round "2"]
[White "Yaacovn"]
[Black "Shahinyan_ChessMood"]
[Result "0-1"]
[WhiteElo "2690"]
[BlackElo "2695"]
[TimeControl "180+2"]
[EndTime "13:21:16 PST"]
[Termination "Shahinyan_ChessMood won by resignation"]

1. d4 e6 2. Nf3 f5 3. g3 Nf6 4.
Bg2 d5 5. O-O Bd6 6. b3 Qe7 7.
c4 c6 8. a4 a5 9. Ba3 Na6 10.
Bxd6 Qxd6 11. Nc3 O-O 12. e3 b6 13. Ne1 Bb7 14. Nd3 Ne4 15. Rc1 Nb4 16. Nxb4 Qxb4 17. Nxe4 fxe4 18. Bh3 Rf6 19. Qc2 Raf8 20. Qc3 Qe7 21.
Rc2 Qf7 22. Bg2 Qh5 23. c5 bxc5 24. Qxc5 Ba6 25. Re1 Qf7 26. Qxa5 Bd3 27. Rd2 Rxf2 28. Qc3 h5 29. Qb2 Rf6 30. h4 g5 31. hxg5 Rf5 32. Kh2 Qc7 33. Bh3 Rf3 34. Rg2 h4 35. Bxe6+ Kg7 36.
Reg1 hxg3+ 37. Rxg3 Rf2+ 38. Rg2 Rh8+ 39. Kg1 Rxb2 0-1

[Event "*** Titled Tuesday Blitz"]
[Site "Chess.com"]
[Date "2019.01.01"]
[Round "2"]
[White "IMAghasiyevKamal"]
[Black "GhostOfGreenval"]
[Result "1/2-1/2"]
[WhiteElo "2542"]
[BlackElo "2736"]
[TimeControl "180+2"]
[EndTime "13:21:21 PST"]
[Termination "Game drawn by repetition"]

1. d4 Nf6 2. c4 c5 3. Nf3 cxd4 4. Nxd4 Nc6 5. g3 g6 6. Bg2 Bg7 7. O-O O-O 8. Nc3 d6 9. b3 Bd7 10. Bb2 Rc8 11. Nxc6 Bxc6 12. Nd5 Bxd5 13. cxd5 Qa5 14. a3 Rc7 15. Qd3 Nd7 16. Bxg7 Kxg7 17. b4 Qa4 18. Rac1 Rfc8 19. Rxc7 Rxc7 20. f4 f6 21. Qe3 Nb6 22. Rc1 Rxc1+ 23. Qxc1 Qb3 24. Qc7 Kf7 25.
Qd8 Qd1+ 26. Kf2 Qd4+ 27. Kf1 Nc4 28. Bf3 Ne3+ 29. Ke1 Nc2+ 30. Kf1 Ne3+ 31. Ke1 f5 32. Qc8 Nc4 33. Qe6+ Kf8 34. Qc8+ Kg7 35. Kf1 Ne3+ 36.
Ke1 Nxd5 37. Qxb7 Qg1+ 38. Kd2 Qd4+ 39. Ke1 Qg1+ 40. Kd2 Qd4+ 41. Ke1 1/2-1/2

[Event "*** Titled Tuesday Blitz"]
[Site "Chess.com"]
[Date "2019.01.01"]
[Round "2"]
[White "TheNomNomFactor"]
[Black "GM_dmitrij"]
[Result "1-0"]
[WhiteElo "2417"]
[BlackElo "2683"]
[TimeControl "180+2"]
[EndTime "13:21:22 PST"]
[Termination "TheNomNomFactor won by checkmate"]

1. d4 Nf6 2. c4 e6 3. Nf3 d5 4. g3 Bb4+ 5. Nbd2 dxc4 6. Bg2 b5 7. O-O Bb7 8. a4 a6 9. axb5 axb5 10. Rxa8 Bxa8 11. Nxc4 O-O 12. Nce5 Nbd7 13. Qb3 Qe7 14. Bg5 Bd5 15. Qd3 h6 16. Nxd7 Qxd7 17. Bxf6 gxf6 18. b3 Qc6 19. Nh4 Bxg2 20. Nxg2 Rd8 21. Rd1 Qb6 22.
e4 Bc5 23. d5 c6 24. Qf3 cxd5 25. Qxf6 Bf8 26. exd5 Bg7 27. Qf3 Bd4 28. Nf4 e5 29. Nh5 Qg6 30. Kg2 Kf8 31. Rc1 Qd6 32. Nf6 Bc5 33.
Ne4 Qxd5 34. Rxc5 Qe6 35. Rc7 f5 36. Nc5 Qd6 37. Qxf5+ Kg8 38. Qf7+ Kh8 39. Qg7# 1-0

[Event "*** Titled Tuesday Blitz"]
[Site "Chess.com"]
[Date "2019.01.01"]
[Round "2"]
[White "michaelq2d5"]
[Black "Zenzo"]
[Result "1-0"]
[WhiteElo "2761"]
[BlackElo "2536"]
[TimeControl "180+2"]
[EndTime "13:21:23 PST"]
[Termination "michaelq2d5 won by checkmate"]

1. Nf3 Nf6 2. c4 e6 3. Nc3 d5 4. e3 Bb4 5. Qa4+ Nc6 6. cxd5 exd5 7. Bb5 Bxc3 8. Bxc6+ bxc6 9. Qxc6+ Bd7 10. Qxc3 O-O 11. O-O Ne4 12. Qc2 Bf5 13. d3 Nd6 14. Bd2 Rc8 15.
b4 Bg6 16. Rac1 c6 17. Ne5 Qb6 18. Nd7 Qb7 19. Nxf8 Kxf8 20. Bc3 Nf5 21. a3 Nh4 22.
Be5 Qd7 23. Qc3 f6 24. Bg3 Nf5 25. Rfd1 h5 26. e4 Nxg3 27. hxg3 Kg8 28. Qc5 dxe4 29. dxe4 Qg4 30. Qd6 Qxe4 31. Rd4 Qe2 32. Qd7 Rf8 33. Qxc6 Kh7 34. Qc5 Rf7 35. Rcd1 Qb2 36. Qc1 Qb3 37. Rd7 Qa4 38. Rxf7 Bxf7 39. Rd8 Bg6 40. Qc8 Kh6 41. Rh8+ Kg5 42. f4# 1-0

[Event "*** Titled Tuesday Blitz"]
[Site "Chess.com"]
[Date "2019.01.01"]
[Round "2"]
[White "juniortay"]
[Black "bugsbunny444"]
[Result "0-1"]
[WhiteElo "2409"]
[BlackElo "2518"]
[TimeControl "180+2"]
[EndTime "13:21:23 PST"]
[Termination "bugsbunny444 won by resignation"]

1. e4 e6 2. Nf3 d5 3. Nc3 Nf6 4.
e5 Nfd7 5. d4 c5 6. Bg5 Qb6 7.
dxc5 Nxc5 8. Bb5+ Bd7 9. Bxd7+ Ncxd7 10. O-O Nc6 11. Re1 Bc5 12. Qd2 O-O 13. Na4 Qb4 14.
Nxc5 Qxd2 15. Bxd2 Nxc5 16. c3 Nd3 17. Re2 Nxb2 18. Rb1 Nc4 19. Rxb7 Rab8 20. Rb3 a5 21. g3 a4 22. Rxb8 Rxb8 23. Bf4 h6 24. h4 a3 25. Kg2 Rb2 26. Kf1 Rb1+ 27. Re1 Rb2 28. Re2 Kf8 29. g4 Ke7 30. g5 h5 31. Bc1 Rb1 32. Rc2 g6 33. Ke2 Kd7 34. Nd2 Nxd2 35. Kxd2 Nxe5 36. Bxa3 Nc4+ 37. Ke2 Nxa3 38. Rd2 Nc4 39.
Rc2 Kc6 40. Kf3 Kb5 41. Kf4 Rh1 42. Kg3 Ka4 43. Re2 Ka3 44. Rc2 Ra1 0-1

[Event "*** Titled Tuesday Blitz"]
[Site "Chess.com"]
[Date "2019.01.01"]
[Round "2"]
[White "Grieve72"]
[Black "yildirim2018"]
[Result "1-0"]
[WhiteElo "2314"]
[BlackElo "2477"]
[TimeControl "180+2"]
[EndTime "13:21:23 PST"]
[Termination "Grieve72 won by checkmate"]

1. d4 Nf6 2. Bg5 d5 3. Bxf6 gxf6 4. c4 c5 5. cxd5 Qxd5 6. Nf3 cxd4 7. Nc3 Qd8 8. Nxd4 Bg7 9. e3 O-O 10. Bd3 e6 11. g4 Nc6 12. Nxc6 bxc6 13. Qc2 h6 14.
Rd1 Qa5 15. h4 Bb7 16. Bh7+ Kh8 17. f4 Rad8 18. Rxd8 Rxd8 19. g5 f5 20. g6 c5 21.
Rh2 Be4 22. Qb3 Qc7 23. Nxe4 fxe4 24. Rd2 Rf8 25. Qa4 Qe7 26. Qxe4 Qxh4+ 27. Kd1 e5 28. gxf7 exf4 29. Bg8 Qh5+ 30. Kc2 Rxg8 31. fxg8=Q+ Kxg8 32. Rd8+ Bf8 33. Qd5+ Qxd5 34. Rxd5 fxe3 35. Kd3 Bg7 36. Kxe3 Bxb2 37. Rxc5 Ba3 38. Ra5 Bb4 39. Ra6 h5 40.
Kf4 Bc5 41. Ra5 Bb6 42. Rxh5 Kf7 43. Ke5 Ke7 44. Rh7+ Kd8 45. Kd6 Kc8 46. Kc6 Bd8 47.
Rh8 Kb8 48. Rxd8# 1-0

[Event "*** Titled Tuesday Blitz"]
[Site "Chess.com"]
[Date "2019.01.01"]
[Round "2"]
[White "Vuk2000"]
[Black "Kangoroo3000"]
[Result "1-0"]
[WhiteElo "2743"]
[BlackElo "2662"]
[TimeControl "180+2"]
[EndTime "13:21:24 PST"]
[Termination "Vuk2000 won by resignation"]

1. d4 Nf6 2. Bg5 d5 3. e3 e6 4. Nf3 Be7 5. c4 b6 6. Nc3 Bb7 7. Qc2 Nbd7 8. cxd5 exd5 9. Bd3 O-O 10. O-O Re8 11.
Rfd1 h6 12. Bf4 c6 13. h3 Nf8 14. Rab1 Bd6 15. Ne5 a5 16. a3 Ne6 17. Bg3 c5 18.
Nb5 Bf8 19. Bf5 c4 20. Nf3 Ba6 21. Nc3 b5 22. Bh4 Be7 23. b4 cxb3 24. Qxb3 b4 25.
Bxf6 Bc4 26. Bxe7 Bxb3 27. Bxd8 Bxd1 28. Nxd1 Rexd8 29. axb4 axb4 30. Kf1 Rdb8 31. Bxe6 fxe6 32. Nb2 Ra2 33. Ke1 b3 34. Nd2 Rc8 35. Nd3 Rc3 36.
Rxb3 Rc1+ 37. Nxc1 1-0

[Event "*** Titled Tuesday Blitz"]
[Site "Chess.com"]
[Date "2019.01.01"]
[Round "2"]
[White "MapleDanish"]
[Black "northridgehawk"]
[Result "0-1"]
[WhiteElo "2122"]
[BlackElo "2253"]
[TimeControl "180+2"]
[EndTime "13:21:25 PST"]
[Termination "northridgehawk won by resignation"]

1. c4 f5 2. e4 fxe4 3. Nc3 Nf6 4. d3 exd3 5. Bxd3 e5 6. Nf3 Bc5 7. O-O d6 8. Qc2 Nc6 9. a3 O-O 10. b4 Bb6 11. Nd5 h6 12. Bb2 Bg4 13. Nh4 Nxd5 14. cxd5 Nxb4 15. Bh7+ Kh8 16. Ng6+ Kxh7 17. Nxf8+ Kg8 18.
Qh7+ Kxf8 19. axb4 Kf7 20. h3 Bd7 21. Ra3 Qg8 22.
Rf3+ Ke7 23. Qe4 Rf8 24. Rxf8 Qxf8 25. Bc1 Qf5 26. Qh4+ Kf7 27. Be3 Qf6 28. Qh5+ Kg8 29. Bxb6 axb6 30. Qe2 Qg5 31. Kh2 Qf4+ 32. g3 Qxb4 33. f4 e4 34. Re1 Bf5 35. g4 Bh7 36. f5 Kf7 37. Kg3 Qd4 38. Kf4 Qe5+ 39. Ke3 Qxd5 40.
Qb2 Qd3+ 41. Kf2 Qf3+ 42. Kg1 Qg3+ 43. Kf1 Qxh3+ 44. Kf2 Qh2+ 0-1

[Event "*** Titled Tuesday Blitz"]
[Site "Chess.com"]
[Date "2019.01.01"]
[Round "2"]
[White "Awentrap"]
[Black "Diwi89"]
[Result "0-1"]
[WhiteElo "2633"]
[BlackElo "2773"]
[TimeControl "180+2"]
[EndTime "13:21:26 PST"]
[Termination "Diwi89 won by resignation"]

1. e4 c5 2. Nf3 Nc6 3. d4 cxd4 4. Nxd4 Nf6 5. Nc3 e5 6. Ndb5 d6 7. Nd5 Nxd5 8. exd5 Ne7 9. c4 f5 10. Be2 a6 11. Nc3 g6 12. O-O Bg7 13. Bd2 O-O 14. b4 e4 15. f4 Qb6+ 16. Kh1 Bd7 17. Qb3 Rac8 18. c5 Qc7 19. Rac1 Kh8 20. c6 bxc6 21. Bxa6 Ra8 22. Be2 Qb7 23. dxc6 Bxc6 24. b5 Bd7 25. a4 d5 26. Na2 d4 27. Bb4 d3 28. Bxe7 dxe2 29.
Rfe1 Rfe8 30. Bb4 Be6 31. Qa3 Bxa2 32. Qxa2 Qxb5 33. axb5 Rxa2 34. b6 Rb2 35. Bc5 Kg8 36. Kg1 e3 37. g3 Bf8 38. Bd4 Rb4 39. Be5 Rxb6 40. Rxe2 Bb4 41. Rb1 Bc5 42. Rxb6 Bxb6 43. Kg2 Rd8 44. Kf3 Kf7 45. Rc2 Rd2 46. Rxd2 exd2 47.
Ke2 Ba5 48. Bh8 Ke6 49. Bd4 Kd5 50. Be3 Ke4 51. Bxd2 Bxd2 52. Kxd2 Kf3 53. Ke1 Kg2 54.
Ke2 Kxh2 55. Kf2 h5 56. Kf3 Kg1 0-1

[Event "*** Titled Tuesday Blitz"]
[Site "Chess.com"]
[Date "2019.01.01"]
[Round "2"]
[White "rasmussvane"]
[Black "x-3738459472"]
[Result "0-1"]
[WhiteElo "2670"]
[BlackElo "2527"]
[TimeControl "180+2"]
[EndTime "13:21:29 PST"]
[Termination "x-3738459472 won by resignation"]

1. Nf3 Nf6 2. g3 g6 3. Bg2 Bg7 4.
O-O O-O 5. d4 d6 6. b3 c6 7. Bb2 Qa5 8. c4 Qh5 9. Nc3 Bh3 10. e4 Ng4 11. Nh4 Bxg2 12. Kxg2 e5 13. h3 Nf6 14. Nf3 Nbd7 15. d5 cxd5 16. cxd5 a6 17.
a4 Rac8 18. Rc1 Nc5 19. Ba3 Bh6 20. Rc2 Rfd8 21. b4 Ncd7 22. Qd3 Nb6 23. Bc1 Bxc1 24. Rfxc1 Qh6 25. a5 Nbd7 26. Ne2 Qf8 27. Qe3 Rxc2 28. Rxc2 Rc8 29. Qc1 Rxc2 30. Qxc2 Qb8 31. Nd2 b6 32. Nc4 bxa5 33. bxa5 Qb4 34. Qc3 Qc5 35. Qd3 h5 36. h4 Ng4 37. Ne3 Nxe3+ 38.
Qxe3 Qxe3 39. fxe3 Nc5 40. Nc1 Nxe4 41. Nd3 Nc5 42.
Nb4 f5 43. Kf3 Kg7 44. Nc6 Kf6 45. Nb4 e4+ 46. Kf2 Nd3+ 47. Nxd3 exd3 48. Ke1 Ke5 49. Kd1 Kxd5 50. Ke1 Ke4 51. Kd2 d5 0-1